 Dungeon Crawl Stone Soup version 0.31-a0-986-g5e6e4ef867 (webtiles) character file.

Game seed: 14917219591371393038

1559 skwerlee the Cleaver (level 8, 0/78 HPs)
             Began as a Gargoyle Berserker on Nov 12, 2023.
             Was a Priest of Trog.
             Frozen to death by zenocrate's ghost (12 damage)
             ... on level 6 of the Dungeon.
             The game lasted 00:09:49 (6436 turns).

skwerlee the Cleaver (Gargoyle Berserker)           Turns: 6436, Time: 00:09:50

Health: 0/78       AC: 24    Str: 24    XL:     8   Next: 89%
Magic:  8/8        EV:  2    Int:  7    God:    Trog [***...]
Gold:   281        SH:  0    Dex:  9    Spells: 7/7 levels left

rFire   . . .        B - +4 hand axe (elec)
rCold   . . .        (no shield)
rNeg    + . .        n - melded +0 ring mail
rPois   ∞            (helmet currently unavailable)
rElec   .            l - melded scarf {rC+ rF+}
rCorr   .            (gloves currently unavailable)
SInv    +            (boots currently unavailable)
Will    .....        (no amulet)
Stlth   +            f - +5 ring of evasion
HPRegen 0.33/turn    c - ring of see invisible
MPRegen 0.11/turn

%: no passive effects
@: tree-form, on berserk cooldown, slowed, very slow
A: stationary, stasis, torment immunity, boosted hp, sickness immunity, AC +5,
negative energy resistance 1, (electricity resistance), torment resistance 1,
petrification resistance
a: Renounce Religion, Berserk, Trog's Hand


You were on level 6 of the Dungeon.
You worshipped Trog.
Trog was most pleased with you.
You were a tree.
You visited 1 branch of the dungeon, and saw 6 of its levels.

You collected 320 gold pieces.
You spent 39 gold pieces at shops.

Inventory:

Hand Weapons
 B - a +4 hand axe of electrocution (weapon)
Armour
 l - a scarf of resistance (melded)
 n - a +0 ring mail (melded)
Jewellery
 c - a ring of see invisible (right branch)
 f - a +5 ring of evasion (left branch)
 j - a +6 ring of intelligence
 C - a ring of magical power
Talismans
 b - a storm talisman
Wands
 a - a wand of polymorph (10)
Scrolls
 g - 3 scrolls of amnesia
 h - 3 scrolls of teleportation
 t - a scroll of enchant weapon
Potions
 d - a potion of berserk rage
 e - 2 potions of attraction
 i - a potion of mutation
 k - 2 potions of resistance
 m - 3 potions of lignification
 q - a potion of magic {unknown}
 r - a potion of curing
 s - 2 potions of invisibility
 u - 2 potions of cancellation
 v - a potion of degeneration {unknown}
 x - 2 potions of brilliance {unknown}
 z - 2 potions of heal wounds {unknown}


   Skills:
 + Level 6.7 Fighting
 + Level 8.9 Axes
 - Level 2.3 Armour
 - Level 1.9 Dodging
 + Level 1.1 Unarmed Combat


You had 7 spell levels left.
You didn't know any spells.
Your spell library was empty.

Dungeon Overview and Level Annotations

Branches:
Dungeon (6/15)
 Temple: D:4-7

Altars:
Ashenzari
Hepliaklqana
Okawaru
Uskayaw
Xom

Shops:
D:2 !

Annotations:
D:6 zenocrate's ghost, novice DrIE


Innate Abilities, Weirdness & Mutations

You are a tree.
Your roots penetrate the ground, keeping you stationary.
You cannot be teleported.
You are immune to unholy pain and torment.
Your maximum health is greatly increased.
Your equipment is partially melded.
You are immune to sickness and miasma.
((Your stone body is resilient. (AC +5)))
You are immune to poison.
You resist negative energy. (rN+)
((You are resistant to electric shocks. (rElec)))
You are resistant to unholy torment.
You are immune to petrification.


Message History

The ice beast hits you but does no damage. x2
You closely miss zenocrate's ghost.
Zenocrate's ghost is almost destroyed.
You hit the ice beast.
Lightning courses through the ice beast!
You hit the ice beast. You barely miss the ice beast.
Zenocrate's ghost hits you but does no damage.
The ice beast hits you. The ice beast freezes you. You resist.
* * * LOW HITPOINT WARNING * * *
The ice beast closely misses you. The ice beast barely misses you.
You hit zenocrate's ghost but do no damage.
Zenocrate's ghost is almost destroyed.
You hit the ice beast but do no damage. You hit the ice beast.
You hit the ice beast but do no damage.
Zenocrate's ghost completely misses you.
The ice beast closely misses you. The ice beast hits you.
* * * LOW HITPOINT WARNING * * *
The ice beast freezes you. You resist.
* * * LOW HITPOINT WARNING * * *
The ice beast closely misses you.
You closely miss zenocrate's ghost.
Zenocrate's ghost is almost destroyed.
You hit the ice beast but do no damage.
Lightning courses through the ice beast!!
You kill the ice beast!
The ice beast disappears in a puff of smoke!
You hit the ice beast. You barely miss the ice beast.
Zenocrate's ghost closely misses you. The ice beast completely misses you.
The ice beast hits you but does no damage.
Zenocrate's ghost shouts, "I have seen your future, and it is all used up."
Zenocrate's ghost closely misses you. The ice beast misses you.
The ice beast hits you but does no damage.
Okay, then.
You turn into a tree.
Your scarf of resistance melds into your body.
Your +0 ring mail melds into your body.
You feel hot and cold all over.
Your roots penetrate the ground.
Zenocrate's ghost freezes you.
You are frozen!
You die...

###...............## # ####
####............## ## ##..##
#.............# ###. ##....##
#..#########..###... ##......###
#..# #..#..... ##.........# #..#
##.....## #.........##########
#...##.. #.........#....Y#..##
#..###.# ..........#(~~~W♣Y..#
#......# ..........#...§.#...###
##.#....#
#.........#######.....###..#.#..#
##.............###...........#⌠.#
#............## ####........#...
##...........# #####.###.#..
##..........# ##.#...#..
##.........# #..#...'..
###.......### #..#...#..


You could see 2 ice beasts and zenocrate's ghost.

Vanquished Creatures
  Sigmund (D:6)
  A black bear (D:4)
  3 ogres
  2 centaurs (D:6)
  A phantom (D:6)
  A kobold brigand (D:5)
  3 scorpions
  A bullfrog (D:6)
  2 hounds (D:4)
  A gnoll bouda (D:6)
  A sleepcap (D:5)
  3 iguanas
  18 gnolls
  7 adders
  A worm (D:3)
  3 dart slugs
  6 orcs
  3 ball pythons
  7 endoplasms
  2 giant cockroaches
  7 goblins
  10 hobgoblins
  5 quokkas
  8 bats
  4 frilled lizards
  10 kobolds
  2 rats
113 creatures vanquished.

Notes
Turn   | Place    | Note
-------+----------+-------------------------------------------
     0 | D:1      | skwerlee the Gargoyle Berserker began the quest for the
                  | Orb.
     0 | D:1      | Reached XP level 1. HP: 14/14 MP: 1/1
    88 | D:1      | Reached XP level 2. HP: 18/19 MP: 2/2
   382 | D:1      | Reached skill level 3 in Axes
   635 | D:1      | Found a faded altar of an unknown god.
   678 | D:1      | Reached XP level 3. HP: 24/24 MP: 3/3
   913 | D:2      | Found a shimmering altar of Xom.
  1379 | D:2      | Reached ** piety under Trog
  1430 | D:2      | Reached XP level 4. HP: 23/29 MP: 4/4
  1632 | D:2      | Found Seushroe's Distillery.
  1638 | D:2      | Bought a potion of curing for 39 gold pieces
  2280 | D:3      | Reached skill level 4 in Axes
  2530 | D:3      | Reached XP level 5. HP: 34/34 MP: 5/5
  2697 | D:4      | Noticed an ogre
  2706 | D:4      | Killed an ogre
  2707 | D:4      | Reached skill level 5 in Axes
  2717 | D:4      | Reached XP level 6. HP: 39/39 MP: 6/6
  3112 | D:4      | Noticed a black bear
  3117 | D:4      | Reached skill level 5 in Fighting
  3124 | D:4      | Killed a black bear
  3125 | D:4      | Reached skill level 6 in Axes
  3125 | D:4      | Reached XP level 7. HP: 39/44 MP: 7/7
  3293 | D:4      | Found an iron altar of Okawaru.
  3487 | D:5      | Entered Level 5 of the Dungeon
  4035 | D:5      | Reached skill level 7 in Axes
  4601 | D:5      | Reached XP level 8. HP: 41/51 MP: 8/8
  5085 | D:5      | Found a hazy altar of Hepliaklqana.
  5085 | D:5      | Found a hide-covered altar of Uskayaw.
  5224 | D:6      | Noticed Sigmund
  5235 | D:6      | Killed Sigmund
  5248 | D:6      | Reached skill level 8 in Axes
  5498 | D:6      | Found a broken altar of Ashenzari.
  5551 | D:6      | Reached *** piety under Trog
  5796 | D:6      | Found a runed translucent door.
  5803 | D:6      | Noticed zenocrate's ghost (novice DrIE)
  6221 | D:6      | Reached skill level 1 in Unarmed Combat
  6436 | D:6      | Frozen to death by zenocrate's ghost

Illustrated notes

Levels and vault maps discovered:
D:1:      dreamdust_arrival_sigmund_warning, layout_basic, serial_rivers,
          chequers_serial_rivers_small_b, chequers_serial_rivers_marsh,
          chequers_serial_rivers_marsh, chequers_serial_rivers_micro_b,
          chequers_serial_rivers_micro_e, chequers_serial_rivers_small_a,
          shapermc_ecumenical_altar_mp_highgroup, kennysheep_nondescript,
          st_stairs_9, dreamdust_princess_corridor
D:2:      wad_river_or_something, layout_loops_ring, serial_shops, shop,
          basic_altar, minmay_misc_feat_ornament, kennysheep_generic_room_15
D:3:      layout_rooms
D:4:      layout_rooms, kennysheep_okawaru_gauntlet
D:5:      layout_gridville, nicolae_overflow_two_pavilions
D:6:      layout_cave_pods, evilmike_ruin_ashenzari,
          ebering_ghost_reflecting_pool, uniq_sigmund

Skill      XL: |  1  2  3  4  5  6  7  8 |
---------------+-------------------------+-----
Axes           | 3 4 5 6 7 8 |  8.9
Fighting       | 4 5 6 |  6.7
Unarmed Combat | 1 |  1.1
Armour         | |  2.3
Dodging        | |  1.9

Action                     |  1- 3 |  4- 6 |  7- 9 || total
---------------------------+-------+-------+-------++-------
  Melee: Hand axe          |   133 |   169 |   191 ||   493
         Punch             |     1 |     2 |     3 ||     6
         Unarmed           |       |       |    23 ||    23
 Invoke: Berserk           |       |     3 |     6 ||     9
         Trog's Hand       |       |       |     1 ||     1
    Use: Scroll            |     3 |     2 |    12 ||    17
         Potion            |       |       |     1 ||     1
 Armour: Animal skin       |    41 |       |       ||    41
         Ring mail         |    17 |    79 |   113 ||   209
         Skin              |       |       |    13 ||    13
  Dodge: Dodged            |   107 |   176 |   193 ||   476

Table legend: (Time is in decaauts)
 A = Elapsed time spent in this place.
 B = Non-inter-level travel time spent in this place.
 C = Inter-level travel time spent in this place.
 D = Time resting spent in this place.
 E = Time spent auto-exploring this place.
 F = Levels seen in this place.
 G = Mean time per level.
                   A        B        C        D        E       F      G
               +--------+--------+--------+--------+--------+-----+--------+
         Total |   6541 |   6334 |    207 |   1538 |   3695 |   6 | 1090.2 |
       Dungeon |   6541 |   6334 |    207 |   1538 |   3695 |   6 | 1090.2 |
               +--------+--------+--------+--------+--------+-----+--------+

Top non-repeatable levels by time:
     D:5: 1515 daAuts
     D:6: 1327 daAuts
     D:2: 1237 daAuts
     D:1: 910 daAuts
     D:3: 797 daAuts
     D:4: 752 daAuts
